 Dungeon Crawl Stone Soup version 0.22-a0-402-ga933591 (webtiles) character file.

1519 Gildeon the Cudgeler (level 8, 44/49 HPs)
             Began as a Gargoyle Fighter on May 7, 2018.
             Was a Follower of Nemelex Xobeh.
             Starved to death
             ... on level 6 of the Dungeon.
             The game lasted 00:25:38 (5414 turns).

Gildeon the Cudgeler (Gargoyle Fighter)             Turns: 5414, Time: 00:25:39

Health: 44/49      AC: 24    Str: 24    XL:     8   Next: 84%
Magic:  11/11      EV:  6    Int:  8    God:    Nemelex Xobeh [*.....]
Gold:   175        SH: 10    Dex: 10    Spells: 6/11 levels left

rFire    . . .     SeeInvis .   a - +0 flail
rCold    . . .     Gourm    .   c - +0 shield
rNeg     + + .     Faith    .   e - +1 plate armour
rPois    ∞         Spirit   .   g - +0 helmet
rElec    +         Reflect  .   l - +0 cloak
rCorr    .         Harm     .   (no gloves)
MR       .....                  (no boots)
Stlth    ..........             (no amulet)
HPRegen  0.16/turn              o - ring "Kisuagom" {rN+ AC+1 Str+4 Slay-4}
MPRegen  0.12/turn              (no ring)

@: fainting
A: molten scales 1, dopey 1, negative energy resistance 1, electricity
resistance, unbreathing, petrification resistance, rot immunity, MP-powered
wands, AC +5
a: Renounce Religion


You were on level 6 of the Dungeon.
You worshipped Nemelex Xobeh.
Nemelex Xobeh was aware of your devotion.
You were fainting.

You visited 1 branch of the dungeon, and saw 6 of its levels.

You collected 175 gold pieces.

Inventory:

Hand Weapons
 a - a +0 flail (weapon)
Missiles
 k - 160 stones (quivered)
Armour
 c - a +0 shield (worn)
 e - a +1 plate armour (worn)
 g - a +0 helmet (worn)
 l - a +0 cloak (worn)
Jewellery
 o - the ring "Kisuagom" (left hand) {rN+ AC+1 Str+4 Slay-4}
   (You found it on level 6 of the Dungeon)

   [ring of protection]

   It affects your AC (+1).
   It affects your strength (+4).
   It affects your accuracy and damage with ranged weapons and melee attacks
   (-4).
   It protects you from negative energy.
Scrolls
 b - a scroll of remove curse
 h - a scroll of fog
 i - 5 scrolls of identify
 n - a scroll of magic mapping
Potions
 d - 3 potions of curing
 j - 2 potions of flight


   Skills:
 - Level 5.2 Fighting
 - Level 5.6 Maces & Flails
 - Level 5.1 Armour
 - Level 5.1 Dodging
 - Level 5.0 Shields
 + Level 2.3 Spellcasting


You had 6 spell levels left.
You knew the following spells:

 Your Spells              Type           Power        Failure   Level  Hunger
a - Poisonous Vapours     Pois/Air       #.....       100%        2    ###....
b - Mephitic Cloud        Conj/Pois/Air  #.......     100%        3    ####...


Dungeon Overview and Level Annotations

Branches:
Dungeon (6/15)             Temple (0/1) D:5

Altars:
Ashenzari
Cheibriados
Gozag
Nemelex Xobeh
Trog
Zin

Shops:
D:4 *


Innate Abilities, Weirdness & Mutations

You are resistant to torment.
Your stone body is resilient. (AC +5)
You are immune to poison.
You resist negative energy. (rN+)
You are resistant to electric shocks. (rElec)
You can survive without breathing.
You are immune to petrification.
You are immune to rotting.
You are partially covered in molten scales. (AC +2)
You are dopey. (Int -2)
You expend magic power (3 MP) to strengthen your wands.


Message History

Okay, then.
You aren't carrying any food.
You closely miss the hungry ghost.
The hungry ghost is moderately damaged.
You block the hungry ghost's attack.
You closely miss the hungry ghost.
The hungry ghost is moderately damaged.
The hungry ghost hits you.
You feel slightly more hungry.
You closely miss the hungry ghost.
The hungry ghost is moderately damaged.
You block the hungry ghost's attack.
You completely miss the hungry ghost.
The hungry ghost is moderately damaged.
The hungry ghost hits you.
You feel slightly more hungry.
The phantom blinks!
The hungry ghost hits you.
You completely miss the hungry ghost.
The hungry ghost is moderately damaged.
You have starved to death.
You die...
Your body disappears without a glow.

#. #.###..#.#..####.#.....######
#§ #.##.............#.....#
##§##§..........##
#..#.#.####### .§§§§§.....#.#.##
#..#.#........ ##§##§###..#.#.#
#....#######.# #W§.§.....#.#.#
#.#.....####.# #§§.......#.#.#
#...>........#
#.§.......#.#.#####.#.....######
#............§W@.##.#.....#
##........W..#.#####.#.....#
.............#.#####.#######
##....###....#............#
#....# #......#######.##.#
#....###.#..#.# #.##.#
##.##..........##### #.##.#
..........#..#.....# #.##.#
##.##.....#..#.....# #.##.#


You could see a phantom and a hungry ghost.

Vanquished Creatures
  The ghost of Steelmeadow the Caller, an amateur DrWz (D:5)
  Eustachio (D:5)
  An orc warrior (D:3)
  An ice beast (D:6)
  3 ogres
  2 bullfrogs (D:6)
  A wyvern skeleton (D:6)
  A scorpion (D:4)
  3 crimson imps (D:5)
  2 bullfrog zombies (D:5)
  An orc priest (D:4)
  2 orc wizards
  An iguana (D:4)
  3 worker ants
  A hound zombie (D:6)
  A gnoll (D:5)
  8 adders
  An ooze (D:3)
  2 worms
  A dart slug (D:1)
  2 leopard geckos (D:3)
  10 orcs
  A ball python (D:4)
  8 giant cockroaches
  7 goblins
  8 hobgoblins
  2 jackals (D:5)
  2 kobolds (D:1)
  2 quokkas
  3 bats
  9 frilled lizards
  A leopard gecko zombie (D:5)
  6 rats
98 creatures vanquished.

Vanquished Creatures (others)
  4 bushes (D:6)
  A fire vortex (D:5)
  11 plants (D:6)
16 creatures vanquished.

Grand Total: 114 creatures vanquished

Notes
Turn   | Place    | Note
-------+----------+-------------------------------------------
     0 | D:1      | Gildeon the Gargoyle Fighter began the quest for the Orb.
     0 | D:1      | Reached XP level 1. HP: 14/14 MP: 1/1
    36 | D:1      | Found a shattered altar of Ashenzari.
   102 | D:1      | Reached XP level 2. HP: 12/19 MP: 2/2
   668 | D:1      | Reached XP level 3. HP: 23/23 MP: 3/3
  1517 | D:2      | Gained mutation: You are dopey. (Int -2) [potion of mutation]
  1517 | D:2      | Gained mutation: You are partially covered in molten scales. (AC +2) [potion of mutation]
  1517 | D:2      | Gained mutation: You expend magic power (3 MP) to strengthen your wands. [potion of mutation]
  1643 | D:3      | Reached XP level 4. HP: 28/28 MP: 4/4
  1927 | D:3      | Noticed an orc warrior
  1943 | D:3      | Killed an orc warrior
  1943 | D:3      | Reached skill level 5 in Maces & Flails
  1943 | D:3      | Reached XP level 5. HP: 32/32 MP: 5/5
  2070 | D:3      | You fall through a shaft for 2 floors!
  2070 | D:5      | Entered Level 5 of the Dungeon
  2070 | D:5      | Noticed an ogre
  2095 | D:5      | Reached XP level 6. HP: 30/38 MP: 6/6
  2107 | D:5      | Reached skill level 5 in Fighting
  2272 | D:5      | Noticed Steelmeadow's ghost (amateur DrWz)
  2285 | D:4      | Found Ocihug's Elemental Accessories.
  2887 | D:4      | Reached skill level 5 in Armour
  2887 | D:4      | Reached XP level 7. HP: 15/44 MP: 7/7
  2902 | D:4      | Reached skill level 1 in Dodging
  3060 | D:4      | Found a snail-covered altar of Cheibriados.
  3167 | D:4      | Found an opulent altar of Gozag.
  3534 | D:4      | Found a sparkling altar of Nemelex Xobeh.
  3542 | D:4      | Became a worshipper of Nemelex Xobeh the Trickster
  3558 | D:4      | Received a gift from Nemelex Xobeh
  3823 | D:4      | Found a glowing silver altar of Zin.
  4151 | D:5      | Killed Steelmeadow's ghost
  4151 | D:5      | Reached XP level 8. HP: 34/49 MP: 8/8
  4279 | D:5      | Noticed Eustachio
  4384 | D:5      | Killed Eustachio
  4384 | D:5      | Reached skill level 5 in Dodging
  4639 | D:5      | Found a staircase to the Ecumenical Temple.
  4862 | D:6      | Learned a level 2 spell: Poisonous Vapours
  4866 | D:6      | Learned a level 3 spell: Mephitic Cloud
  5035 | D:6      | Reached * piety under Nemelex Xobeh
  5043 | D:6      | Reached skill level 5 in Shields
  5070 | D:6      | Found a bloodstained altar of Trog.
  5075 | D:6      | Got a coiled tin ring
  5076 | D:6      | Identified the ring "Kisuagom" {rN+ AC+1 Str+4 Slay-4} (You found it on level 6 of the Dungeon)
  5136 | D:6      | Reached skill level 1 in Spellcasting
  5414 | D:6      | Starved to death

Vault maps used:
D:1:      ncdulo_smallfort, minmay_misc_feat_enclosed, evilmike_ruin_ashenzari
D:4:      cheibriados_altar_1, kennysheep_little_box, nemelex_altar_shiori,
          overflow_temple_1_default, glass_columns_c, nicolae_elemental_shop
D:5:      minmay_temple_entry_nine_rooms, first_ration, uniq_eustachio
D:6:      fedhas_altar_decomposition, bloody_trog

Skill      XL: |  1  2  3  4  5  6  7  8 |
---------------+-------------------------+-----
Maces & Flails | 3 4 5 |  5.6
Fighting       | 4 5 |  5.2
Armour         | 5 |  5.1
Dodging        | 4 5 |  5.1
Shields        | 5 |  5.0
Spellcasting   | 2 |  2.3

Action                   |  1- 3 |  4- 6 |  7- 9 || total
-------------------------+-------+-------+-------++-------
Melee: Flail             |   161 |   129 |   489 ||   779
Evoke: Deck              |       |       |     8 ||     8
  Use: Scroll            |     8 |     1 |     6 ||    15
       Potion            |     1 |     5 |     1 ||     7
  Eat: Chunk             |     2 |     1 |    10 ||    13
       Ration            |     1 |       |    10 ||    11
Armor: Scale mail        |    21 |       |       ||    21
       Plate armour      |    66 |    80 |   395 ||   541
Dodge: Dodged            |    36 |    14 |   116 ||   166
Block: Shield            |    78 |    69 |   245 ||   392

Table legend:
 A = Spawn XP
 B = Non-spawn XP
 C = Spawn XP percentage of total XP
 D = Spawn monster count
 E = Non-spawn monster count
 F = Spawn count percentage of total count
 G = Total turns spent on level
                    A         B        C        D         E        F      G
               +---------+---------+-------+---------+---------+-------+---------
         Total |       0 |    2171 |   0.0 |       0 |      98 |   0.0 |  5414
               +---------+---------+-------+---------+---------+-------+---------
           D:1 |       0 |      35 |   0.0 |       0 |      22 |   0.0 |   759
           D:2 |       0 |      40 |   0.0 |       0 |      10 |   0.0 |   831
           D:3 |       0 |     278 |   0.0 |       0 |      24 |   0.0 |  1010
           D:4 |       0 |     400 |   0.0 |       0 |      18 |   0.0 |  1061
           D:5 |       0 |     896 |   0.0 |       0 |      17 |   0.0 |  1137
           D:6 |       0 |     522 |   0.0 |       0 |       7 |   0.0 |   616
               +---------+---------+-------+---------+---------+-------+---------
